 Dungeon Crawl Stone Soup version 0.29-a0-344-ge2f44be95a (webtiles) character file.

Game seed: 6029495074651950919

6278 Shayle the Nimble (level 10, -2/65 HPs)
             Began as a Tengu Brigand on Apr 21, 2022.
             Was a Follower of Ashenzari.
             Shot with an arrow by a centaur warrior (15 damage)
             ... on level 11 of the Dungeon.
             The game lasted 00:23:39 (10459 turns).

Shayle the Nimble (Tengu Brigand)                  Turns: 10459, Time: 00:23:47

Health: -2/65      AC: 10    Str: 18    XL:     10   Next: 94%
Magic:  18/18      EV: 21    Int: 25    God:    Ashenzari [*.....]
Gold:   541        SH:  0    Dex: 21    Spells: 13/18 levels left

rFire   . . .      SeeInvis .   m - +9 dagger "Ajuvor" {venom, Dex+5}
rCold   . . .      Faith    .   (no shield)
rNeg    . . .      Spirit   .   r - +1 scale mail of Eternal Night {Str+7 Int+3}
rPois   .          Reflect  .   (helmet restricted)
rElec   .          Harm     .   c - +2 cloak of the Shattered Gnosis {Alch, Self} (curse)
rCorr   .          Rampage  .   (no gloves)
Will    .....                   (boots unavailable)
Stlth   +++.......              g - amulet of Apeoromancy {Acrobat, Fort, Bglg} (curse)
HPRegen 0.20/turn               t - +6 ring of intelligence
MPRegen 0.16/turn               L - +4 ring of evasion

@: lethally poisoned (-2 -> -11), flying quickly and evasively, slowed, very
slow
A: beak, talons 3, nimble flight
a: Renounce Religion, Curse Item, Shatter the Chains


You were on level 11 of the Dungeon.
You worshipped Ashenzari.
Ashenzari was aware of your devotion.
You visited 2 branches of the dungeon, and saw 12 of its levels.

You collected 613 gold pieces.
You spent 72 gold pieces at shops.

Inventory:

Hand Weapons
 a - a +3 dagger of chaos
 m - the +9 dagger "Ajuvor" (weapon) {venom, Dex+5}
   (You found it on level 2 of the Dungeon)

   It poisons the flesh of those it strikes.
   Dex:       It affects your dexterity (+5).
Missiles
 d - 33 poisoned darts (quivered)
 q - a throwing net
 G - 3 atropa-tipped darts
Armour
 b - a +0 robe
 c - the cursed +2 cloak of the Shattered Gnosis (worn) {Alch, Self}

   It has a curse which improves the following skills: Alchemy: Poison Magic and
   Transmutations.
   Introspection: Fighting and Spellcasting.
 r - the +1 scale mail of Eternal Night (worn) {Str+7 Int+3}
   (You found it on level 2 of the Dungeon)

   Str:       It affects your strength (+7).
   Int:       It affects your intelligence (+3).
 O - +0 acid dragon scales
Jewellery
 g - the cursed amulet of Apeoromancy (around neck) {Acrobat, Fort, Bglg}
   (You found it on level 1 of the Dungeon)

   [amulet of the acrobat]

   It increases your evasion while moving and waiting.
   It has a curse which improves the following skills: Fortitude: Armour and
   Shields.
   Beguiling: Conjurations, Hexes and Translocations.
 l - an amulet of regeneration
 t - a +6 ring of intelligence (left hand)
 D - an amulet of magic regeneration
 L - a +4 ring of evasion (right hand)
 P - a ring of resist corrosion
Wands
 e - a wand of acid (1)
 o - a wand of flame (42)
 w - a wand of iceblast (10)
 M - a wand of polymorph (16)
Scrolls
 h - a scroll of summoning
 k - 2 scrolls of enchant weapon
 p - a scroll of vulnerability
 u - a scroll of magic mapping
 v - 3 scrolls of teleportation
 x - 2 scrolls of amnesia
 y - a scroll of blinking
 z - 2 scrolls of enchant armour
 A - a scroll of torment
 C - 5 scrolls of immolation
 H - a scroll of fear
 I - a scroll of fog
Potions
 f - 5 potions of might
 j - 4 potions of attraction
 n - 6 potions of curing
 B - a potion of mutation
 K - a potion of brilliance
 N - a potion of berserk rage
 Q - 3 potions of magic
 R - a potion of resistance


   Skills:
 + Level 7.6(8.5) Fighting
 + Level 7.8 Short Blades
 - Level 2.0 Throwing
 + Level 8.1 Dodging
 - Level 7.4 Stealth
 + Level 4.0(4.8) Spellcasting
 + Level 5.8(6.7) Conjurations
 + Level 1.4(2.0) Hexes
 + Level 1.6(2.2) Transmutations
 - Level 4.1 Fire Magic
 + Level 2.0(2.6) Poison Magic


You had 13 spell levels left.
You knew the following spells:

 Your Spells              Type           Power      Damage    Failure   Level
a - Foxfire               Conj/Fire      100%       2x1d9     3%          1
b - Fulminant Prism       Conj/Hex       14%        3d9       43%         4

Your spell library contained the following spells:

 Spells                   Type           Power      Damage    Failure   Level
 Conjure Flame            Conj/Fire      33%        6-21      10%         3
 Sting                    Tmut/Pois      72%        1d6       11%         1
 Inner Flame              Hex/Fire       21%        N/A       24%         3
 Apportation              Tloc           12%        N/A       28%         1
 Pain                     Necr           24%        1d5       28%         1
 Flame Wave               Conj/Fire      33%        2d8       30%         4
 Tukima's Dance           Hex            16%        N/A       36%         3
 Iskenderun's Mystic Bla  Conj/Tloc      23%        2d6       56%         4
 Petrify                  Tmut/Erth      11%        N/A       87%         4
 Anguish                  Hex/Necr       5%         N/A       88%         4
 Summon Lightning Spire   Summ/Air       6%         N/A       96%         4
 Alistair's Intoxication  Tmut/Pois      12%        N/A       96%         5
 Metabolic Englaciation   Hex/Ice        5%         N/A       99%         5
 Agony                    Necr           6%         N/A       100%        5
 Excruciating Wounds      Necr           3%         N/A       100%        5
 Lee's Rapid Deconstruct  Erth           3%         3d6*      100%        5
 Statue Form              Tmut/Erth      7%         N/A       100%        6
 Enfeeble                 Hex            8%         N/A       100%        7
 Storm Form               Tmut/Air       5%         N/A       100%        7
 Maxwell's Capacitive Co  Air            3%         ∞         100%        8


Dungeon Overview and Level Annotations

Branches:
Dungeon (11/15)            Temple (1/1) D:6             Orc (0/2) D:9
   Lair: D:8-11

Altars:
Ashenzari
Cheibriados
Dithmenos
Elyvilon
Gozag
Kikubaaqudgha
Makhleb
Nemelex Xobeh
Okawaru
Qazlal
Ru
Sif Muna
Trog
Uskayaw
Wu Jian
Xom
Yredelemnul
The Shining One

Shops:
D:2 *   D:5 (   D:6 (


Innate Abilities, Weirdness & Mutations

You have a beak for a mouth.
You have claws for feet.
Your magical nature lets you fly swiftly and evasively.


Message History

Sonja plants her feet in a plie.
Sonja barely misses you.
Sonja hits you with a +0 dagger of distortion.
* * * LOW HITPOINT WARNING * * *
You blink.
A centaur warrior comes into view. It is wielding a +0 falchion.
Sonja throws a curare-tipped dart.
The curare-tipped dart barely misses you.
You feel much better.
The centaur warrior unwields a +0 falchion.
The centaur warrior wields a +0 shortbow.
The centaur warrior shoots an arrow.
The arrow hits you!
* * * LOW HITPOINT WARNING * * *
Sonja says, "If only old Madame Brzewit could see me now!"
Unknown command.
Aiming: Corrosive Bolt
Press: ? - help, Shift-Dir - straight line, f - centaur warrior
Aim: a centaur warrior, wielding a +0 shortbow (79% to hit)
The bolt of acid misses Sonja.
The bolt of acid hits the centaur warrior!
The acid corrodes the centaur warrior!
The centaur warrior is moderately wounded.
Sonja throws a curare-tipped dart.
The curare-tipped dart hits you.
You are poisoned.
You have difficulty breathing.
* * * LOW HITPOINT WARNING * * *
You feel yourself slow down.
Unknown command.
Aiming: Corrosive Bolt
Press: ? - help, Shift-Dir - straight line, f/p - centaur warrior
Aim: a centaur warrior, wielding a +0 shortbow (lightly wounded, covered in acid, 79% to hit)
The bolt of acid misses Sonja.
The bolt of acid hits the centaur warrior!
The centaur warrior seems to be corroded for longer.
The centaur warrior is moderately wounded.
* * * LOW HITPOINT WARNING * * *
You feel very sick.
You kill Sonja!
The centaur warrior shoots an arrow.
The arrow hits you!
You die...

....# ..###....##
....# ..# #....#
.......# #....###
....... #..#...# ##
........####..#####
.. ....#.........#
.#
...##...###...###
.# # ###...### .#
.###.@.##.##
#..###.)c..#
#....###...#
#.....o.##......
#....oWo# ##....
#...##..# #.. ..#
...# # . .##O# ..
..#


You could see a centaur warrior (corroded).

Vanquished Creatures
  A two-headed ogre (D:11)
  Sonja (D:11)
  An unseen horror (D:11)
  A hornet (D:6)
  A troll (D:10)
  Sigmund (D:2)
  A wyvern (D:5)
  A shadow (D:11)
  A steam dragon (D:8)
  An acid dragon (D:9)
  Duvessa (D:7)
  2 water moccasins
  3 ice beasts
  An orc warrior (D:6)
  2 sky beasts
  3 black bears
  2 ogres (D:6)
  2 kobold brigands (D:9)
  A phantom (D:3)
  3 bullfrogs
  6 scorpions
  A necrophage (D:6)
  5 wights
  Dowan (D:7)
  21 killer bees
  4 howler monkeys
  2 jellies
  5 hounds
  5 orc priests
  Jessica (D:2)
  4 iguanas
  6 orc wizards
  Robin (D:2)
  3 gnolls (D:2)
  8 adders
  A shadow imp (D:7)
  A white imp (D:6)
  An ufetubus (D:4)
  4 worms
  A dart slug (D:4)
  19 orcs
  11 endoplasms
  A giant cockroach (D:1)
  13 goblins
  10 hobgoblins
  15 kobolds
  2 quokkas (D:1)
  5 ball pythons
  4 bats
  4 frilled lizards
  7 rats
202 creatures vanquished.

Notes
Turn   | Place    | Note
-------+----------+-------------------------------------------
     0 | D:1      | Shayle the Tengu Brigand began the quest for the Orb.
     0 | D:1      | Reached XP level 1. HP: 12/12 MP: 2/2
   358 | D:1      | Found a faded altar of an unknown god.
   385 | D:1      | Reached XP level 2. HP: 16/17 MP: 3/3
   823 | D:2      | Reached skill level 2 in Dodging
   823 | D:2      | Reached XP level 3. HP: 13/22 MP: 4/4
  1256 | D:2      | Noticed Jessica
  1259 | D:2      | Killed Jessica
  1260 | D:2      | Reached XP level 4. HP: 27/27 MP: 5/5
  1533 | D:2      | Identified the +9 dagger "Ajuvor" {venom, Dex+5}
  1548 | D:2      | Found Gighann's General Store.
  1820 | D:2      | Bought a potion of curing for 36 gold pieces
  1820 | D:2      | Bought a potion of curing for 36 gold pieces
  1890 | D:2      | Noticed Sigmund
  1897 | D:2      | Killed Sigmund
  1898 | D:2      | Reached skill level 3 in Dodging
  1898 | D:2      | Reached skill level 5 in Stealth
  1898 | D:2      | Gained mutation: Your magical nature lets you fly swiftly
                  | and evasively. [Tengu growth]
  1898 | D:2      | Reached XP level 5. HP: 28/33 MP: 6/6
  1898 | D:2      | Reached XP level 6. HP: 32/38 MP: 7/7
  2245 | D:2      | Identified the +1 scale mail of Eternal Night {Str+7 Int+3}
  2585 | D:2      | Noticed Robin
  2604 | D:2      | Killed Robin
  2828 | D:3      | Found a shimmering blue altar of Sif Muna.
  2855 | D:3      | Reached skill level 4 in Dodging
  3036 | D:3      | Reached XP level 7. HP: 21/43 MP: 8/8
  3751 | D:3      | Got Sif Muna's Volume of Changing
  4226 | D:4      | Found a shimmering altar of Xom.
  4609 | D:5      | Entered Level 5 of the Dungeon
  4667 | D:5      | Found a snail-covered altar of Cheibriados.
  4688 | D:5      | Reached XP level 8. HP: 48/48 MP: 9/9
  4755 | D:5      | Reached skill level 5 in Dodging
  4805 | D:5      | Reached skill level 5 in Fighting
  4829 | D:5      | Found Quaraoq's Weapon Shop.
  5012 | D:5      | Reached skill level 5 in Short Blades
  5144 | D:5      | Found a basalt altar of Yredelemnul.
  5193 | D:5      | Noticed a wyvern
  5212 | D:5      | Killed a wyvern
  5364 | D:6      | Found a staircase to the Ecumenical Temple.
  5374 | Temple   | Entered the Ecumenical Temple
  5443 | Temple   | Became a worshipper of Ashenzari the Shackled
  5614 | D:6      | Reached skill level 6 in Dodging
  5638 | D:6      | Reached XP level 9. HP: 54/55 MP: 10/10
  5645 | D:6      | Learned a level 1 spell: Foxfire
  5674 | D:6      | Found Xepn's Antique Weapon Boutique.
  5766 | D:5      | Reached skill level 1 in Conjurations
  5777 | D:6      | Reached skill level 1 in Fire Magic
  5826 | D:6      | Reached skill level 1 in Spellcasting
  6172 | D:6      | Noticed a hornet
  6177 | D:6      | Killed a hornet
  6742 | D:7      | Reached skill level 7 in Dodging
  6761 | D:7      | Reached * piety under Ashenzari
  6873 | D:7      | Found a sacrificial altar of Ru.
  6904 | D:7      | Noticed Duvessa
  6905 | D:7      | Noticed Dowan
  6917 | D:7      | Killed Dowan
  6921 | D:7      | Killed Duvessa
  7184 | D:7      | Reached XP level 10. HP: 62/64 MP: 16/16
  8240 | D:8      | Found an ornate altar of the Wu Jian Council.
  8355 | D:8      | Found a white marble altar of Elyvilon.
  8446 | D:8      | Identified the +0 robe "Hoon" {rElec}
  8456 | D:8      | Found a sparkling altar of Nemelex Xobeh.
  8510 | D:9      | Found a staircase to the Orcish Mines.
  8822 | D:9      | Reached skill level 5 in Conjurations
  8925 | D:9      | Found an iron altar of Okawaru.
  9204 | D:9      | Found a bloodstained altar of Trog.
  9385 | D:9      | Learned a level 4 spell: Fulminant Prism
  9403 | D:10     | Entered Level 10 of the Dungeon
  9448 | D:10     | Found an ancient bone altar of Kikubaaqudgha.
  9501 | D:10     | Found a burning altar of Makhleb.
  9946 | D:10     | Reached skill level 1 in Poison Magic
 10350 | D:11     | Noticed a six-headed hydra
 10420 | D:11     | Noticed a two-headed ogre
 10428 | D:11     | Noticed Sonja
 10434 | D:11     | Killed an unseen horror
 10435 | D:11     | Reached skill level 1 in Hexes
 10435 | D:11     | Reached skill level 1 in Transmutations
 10443 | D:11     | Killed a two-headed ogre
 10444 | D:11     | Reached skill level 8 in Dodging
 10456 | D:11     | Noticed a centaur warrior
 10459 | D:11     | Killed Sonja
 10459 | D:11     | Shot with an arrow by a centaur warrior

Illustrated notes

Levels and vault maps discovered:
D:1:      roderic_lyre, layout_rooms, ebering_ecumenical_altar_abandoned,
          minmay_worlds_worst_comb
D:2:      layout_basic, serial_shops, shop, roderic_nine_men_s_morris,
          minmay_pentomino_o4, uniq_jessica, uniq_sigmund, uniq_robin
D:3:      layout_basic, led_sif_book
D:4:      layout_basic, mainiacjoe_overflow_cross_hatched
D:5:      layout_gridville, mainiacjoe_overflow_concentric_impassable,
          overflow_temple_1_default, serial_shops,
          nicolae_shop_advertising_works [nicolae_subvault_shop_adworks]
D:6:      layout_gridville, minmay_temple_entry_sparse_star, serial_shops,
          nicolae_shop_statue_plus, dreamdust_princess_bridge
D:7:      layout_gridville, mainiacjoe_overflow_catwalk, uniq_duvessa
D:8:      layout_basic, lemuel_crystal_altar, general_overflow_altar,
          kennysheep_flooded_box
D:9:      layout_long_grid, lemuel_tele_altar, lemuel_coloured_pillars_altar,
          orc_0_dummy
D:10:     layout_long_grid, mainiacjoe_overflow_catwalk_spiral
D:11:     minmay_the_grid_triangle_9x9_rhombus_full_mashed
          [minmay_the_grid_triangle_9x9_cache,
          minmay_the_grid_triangle_9x9_longest,
          minmay_the_grid_triangle_9x9_intruding_spiral,
          minmay_the_grid_triangle_9x9_alien,
          minmay_the_grid_triangle_9x9_checkered,
          minmay_the_grid_triangle_9x9_warning,
          minmay_the_grid_triangle_9x9_thin_v,
          minmay_the_grid_triangle_9x9_prize_special], layout_layer_cave,
          dpeg_oklobed_lair, nicolae_elemental_shop, minmay_misc_feat_enclosed,
          uniq_sonja, uniq_snorg, uniq_lodul
Temple:   minmay_temple_curvy_loop

Skill      XL: |  1  2  3  4  5  6  7  8  9 10 |
---------------+-------------------------------+-----
Dodging        | 2 3 4 6 7 8 |  8.1
Fighting       | 3 4 5 6 7 |  7.6
Short Blades   | 3 4 6 7 |  7.8
Stealth        | 5 6 7 |  7.4
Conjurations   | 4 5 |  5.8
Fire Magic     | 3 4 |  4.1
Spellcasting   | 2 4 |  4.0
Poison Magic   | 2 |  2.0
Hexes          | 1 |  1.4
Transmutations | 1 |  1.6
Throwing       | |  2.0

Action                   |  1- 3 |  4- 6 |  7- 9 | 10-12 || total
-------------------------+-------+-------+-------+-------++-------
Melee: Dagger            |    41 |    62 |   187 |   169 ||   459
       Peck              |     3 |     8 |    44 |    29 ||    84
       Kick              |    10 |    16 |    54 |    40 ||   120
       Punch             |     1 |     2 |     3 |     2 ||     8
Throw: Dart              |     4 |       |     6 |       ||    10
Invok: Curse Item        |       |       |     2 |       ||     2
Evoke: Wand              |       |       |       |     2 ||     2
  Use: Scroll            |       |       |     5 |     1 ||     6
       Potion            |       |       |       |     2 ||     2
 Stab: Sleeping          |     5 |     5 |    13 |     7 ||    30
       Distracted        |       |       |     2 |       ||     2
Armor: Robe              |    11 |     3 |       |       ||    14
       Scale mail        |       |     8 |    31 |    24 ||    63
Dodge: Dodged            |    33 |    31 |   109 |   168 ||   341

Table legend: (Time is in decaauts)
 A = Elapsed time spent in this place.
 B = Non-inter-level travel time spent in this place.
 C = Inter-level travel time spent in this place.
 D = Time resting spent in this place.
 E = Time spent auto-exploring this place.
 F = Levels seen in this place.
 G = Mean time per level.
                   A        B        C        D        E       F      G
               +--------+--------+--------+--------+--------+-----+--------+
         Total |   9708 |   9293 |    415 |   1084 |   6466 |  12 |  809.0 |
       Dungeon |   9604 |   9230 |    374 |   1084 |   6413 |  11 |  873.1 |
        Temple |    103 |     63 |     40 |      0 |     53 |   1 |  103.0 |
               +--------+--------+--------+--------+--------+-----+--------+

Top non-repeatable levels by time:
     D:2: 1725 daAuts
     D:6: 1068 daAuts
     D:3: 1035 daAuts
     D:8: 934 daAuts
     D:1: 889 daAuts
    D:10: 859 daAuts
     D:9: 808 daAuts
     D:4: 740 daAuts
     D:7: 730 daAuts
     D:5: 721 daAuts
  Temple: 103 daAuts
    D:11: 89 daAuts
